 Dungeon Crawl Stone Soup version 0.30-a0-772-g5528072125 (webtiles) character file.

Game seed: 696676607850683856

13084 tilp the Carver (level 12, 0/106 HPs)
             Began as a Meteoran Fighter on Feb 12, 2023.
             Was an Elder of Okawaru.
             Killed by divine providence
             ... invoked by an orc priest
              (14 damage)
             ... on level 2 of the Orcish Mines.
             The game lasted 00:26:53 (5413 turns).

tilp the Carver (Meteoran Fighter)                  Turns: 5413, Time: 00:26:54

Health: 0/106      AC: 17    Str: 17    XL:     12   Next: 59%
Magic:  18/18      EV: 11    Int: 10    God:    Okawaru [****..]
Gold:   802        SH:  6    Dex: 20    Spells: 11/11 levels left

rFire   . . .      SeeInvis +    a - +8 double sword (freeze)
rCold   . . .      Faith    .    c - +0 buckler
rNeg    . . .      Spirit   .    u - +0 chain mail
rPois   +          Reflect  .    H - +0 hat {SInv}
rElec   .          Harm     .    r - +1 cloak
rCorr   .          Rampage  .    (no gloves)
Will    +....                    (no boots) Stlth
                                 (no amulet)
HPRegen 0.37/turn                g - +4 ring of protection
MPRegen 0.16/turn                y - ring of poison resistance

@: glowing
A: sense surroundings 2, otherworldly, glowing, explore regen
a: Renounce Religion, Heroism, Finesse


You were on level 2 of the Orcish Mines.
You worshipped Okawaru.
Okawaru was greatly pleased with you.
You visited 3 branches of the dungeon, and saw 14 of its levels.
You also visited: Sewer.

You collected 1153 gold pieces.
You spent 351 gold pieces at shops.

Inventory:

Hand Weapons
 a - a +8 double sword of freezing (weapon)
 b - a +4 scimitar of flaming
 I - the +7 dagger "Qestruf" {spect, Drain +Blink rCorr}
   (You found it on level 8 of the Dungeon)

   +Blink:    It lets you blink.
   rCorr:     It protects you from acid and corrosion.
   Drain:     It drains your maximum health when unequipped.
Missiles
 v - 20 poisoned darts (quivered)
 F - a throwing net
 M - a silver boomerang
Armour
 c - a +0 buckler (worn)
 k - a +0 helmet
 r - a +1 cloak (worn)
 u - a +0 chain mail (worn)
 H - a +0 hat of see invisible (worn)
Jewellery
 g - a +4 ring of protection (left hand)
 y - a ring of poison resistance (right hand)
 C - a ring of ice
 E - a ring of ice
 J - a ring of wizardry
Wands
 x - a wand of paralysis (4)
 A - a wand of light (12)
 K - a wand of roots (6)
Scrolls
 e - a scroll of silence
 n - 2 scrolls of immolation
 q - 4 scrolls of teleportation
 s - 3 scrolls of butterflies
 D - a scroll of blinking
 L - 3 scrolls of identify
Potions
 d - 3 potions of haste
 f - 2 potions of cancellation
 h - 7 potions of curing
 i - a potion of might
 j - 5 potions of resistance
 l - 2 potions of heal wounds
 m - a potion of ambrosia
 o - 2 potions of brilliance
 p - 3 potions of mutation
 t - a potion of magic {unknown}
 w - 2 potions of invisibility
 z - 4 potions of attraction {unknown}
 B - 3 potions of flight
 G - 3 potions of lignification {unknown}
Miscellaneous
 N - a lightning rod (4/4)


   Skills:
 * Level 9.9 Fighting
 * Level 11.8 Long Blades
 - Level 6.0 Throwing
 + Level 7.5 Armour
 + Level 9.2 Dodging
 - Level 4.0 Stealth
 - Level 4.0 Shields
 * Level 6.8 Invocations
 - Level 6.0 Evocations


You had 11 spell levels left.
You didn't know any spells.
Your spell library was empty.

Dungeon Overview and Level Annotations

Branches:
Dungeon (11/15) Zot: 1731  Temple (1/1) D:7 Zot: 582    Lair (0/5) D:8
    Orc (2/2) D:10 Zot: 742   Sewer (visited)
    Elf: Orc:2

Altars:
Ashenzari
Cheibriados
Dithmenos
Elyvilon
Gozag
Hepliaklqana
Makhleb
Okawaru
Qazlal
Sif Muna
Trog
Uskayaw
Vehumet
Xom
Yredelemnul
The Shining One

Shops:
D:7 !   Orc:1 =

Annotations:
D:5 Prince Ribbit


Innate Abilities, Weirdness & Mutations

You passively map the area around you.
You are easily found by Zot.
You glow in the dark.
You regain HP and MP as you explore.


Message History

a +0 mace; a +0 ring mail; an orc corpse
Things that are here:
a +0 dagger; a +0 robe You see here 16 gold pieces.
You now have 802 gold pieces (gained 16).
The orc wizard casts a spell.
The orc wizard flickers and vanishes for a moment.
The orc wizard casts a spell at you.
The puff of flame hits you but does no damage.
You block the orc wizard's attack.
You slash the orc wizard! You freeze the orc wizard.
The orc wizard is heavily wounded.
The orc wizard hits you with a +0 dagger.
* * * LOW HITPOINT WARNING * * *
You hit the orc wizard. You freeze the orc wizard.
You kill the orc wizard!
Okawaru accepts your kill.
Things that are here:
a +0 dagger; a +0 robe; an orc corpse An orc priest comes into view.
It is wielding a +0 flail.
The orc priest shouts!
The orc priest casts a cantrip, but nothing happens.
The orc priest invokes the aid of Beogh against you.
Beogh smites you!
* * * LOW HITPOINT WARNING * * *
The orc priest invokes the aid of Beogh against you.
Beogh smites you!
* * * LOW HITPOINT WARNING * * *
An orc priest comes into view. It is wielding a +0 hand axe.
The orc priest shouts!
You closely miss the orc priest.
The orc priest hits you with a +0 flail.
* * * LOW HITPOINT WARNING * * *
You barely miss the orc priest. You slash the orc priest!
You freeze the orc priest.
The orc priest is severely wounded.
The orc priest hits you but does no damage.
The orc priest calls down the wrath of Beogh upon you.
Beogh smites you!
You die...

............)#.....##.#.##
.........o.<.###..#.#...##
......#...[.##...........#
..........###.....#......#
.........##..#.#####.##.##
.................##...###
..#.#.##.....#.....#.##
.)..#####.#..##.....##
.))..## ##......@#.##
......###....##o####
...#..##...####.##
...........## ...#
##....##....###o#*
##.#####.o..#.###### *
##...##....§oo....... , *
....##......)o[3..... *
...##...######oo.#### ,*


You could see 2 orc priests.

Vanquished Creatures
  Gastronok (D:8)
  An orc warlord (Orc:1)
  Erica (D:8)
  An orc high priest (Orc:1)
  3 orc sorcerers
  A cyclops (Orc:1)
  The ghost of Notanamesir the Grave Robber, a novice HuNe (D:6)
  Maurice (D:11)
  3 trolls
  A hornet (D:9)
  2 shadows
  2 wraiths
  A steam dragon (D:8)
  A two-headed ogre zombie (D:10)
  2 wargs
  An acid dragon (D:9)
  A water moccasin (D:8)
  A sky beast (D:8)
  An ice beast (D:7)
  11 orc warriors
  4 black bears
  Pargi (Sewer)
  2 ogres
  4 centaurs
  3 phantoms
  3 kobold brigands
  6 bullfrogs
  A necrophage (D:5)
  A gnoll sergeant (D:8)
  A scorpion (D:5)
  18 wights
  A troll zombie (D:10)
  4 killer bees (D:10)
  2 howler monkeys (D:8)
  3 jellies
  2 hounds
  A gnoll bouda (D:7)
  9 orc priests
  2 iguanas (D:4)
  17 orc wizards
  6 ogre zombies (D:10)
  11 gnolls
  6 adders
  An ufetubus (D:4)
  7 worms
  3 dart slugs
  46 orcs
  8 endoplasms
  2 giant cockroaches
  6 goblins
  3 hobgoblins
  11 jackals
  19 kobolds
  4 quokkas
  5 ball pythons
  3 bats
  10 frilled lizards
  4 goblin skeletons (D:10)
  3 goblin zombies (D:10)
  A hobgoblin skeleton (D:10)
  2 hobgoblin zombies (D:10)
  An orc skeleton (D:10)
  13 orc zombies (D:10)
  3 rats (D:3)
300 creatures vanquished.

Notes
Turn   | Place    | Note
-------+----------+-------------------------------------------
     0 | D:1      | tilp the Meteoran Fighter began the quest for the Orb.
     0 | D:1      | Reached XP level 1. HP: 19/19 MP: 2/2
    86 | D:1      | Reached XP level 2. HP: 26/26 MP: 3/3
   204 | D:2      | Reached skill level 1 in Dodging
   204 | D:2      | Reached XP level 3. HP: 12/31 MP: 4/4
   356 | D:3      | Noticed an ogre
   362 | D:3      | Killed an ogre
   363 | D:3      | Reached skill level 3 in Long Blades
   363 | D:3      | Reached skill level 1 in Throwing
   363 | D:3      | Reached skill level 1 in Stealth
   363 | D:3      | Reached XP level 4. HP: 22/40 MP: 5/5
   363 | D:3      | Reached XP level 5. HP: 26/46 MP: 6/6
   376 | D:3      | Found a faded altar of an unknown god.
   513 | D:3      | Found a glowing drain.
   562 | Sewer    | Entered a sewer
   662 | Sewer    | Noticed Pargi
   675 | Sewer    | Killed Pargi
   676 | Sewer    | Reached skill level 4 in Long Blades
   676 | Sewer    | Reached XP level 6. HP: 42/52 MP: 7/7
  1185 | D:3      | Identified a scroll of acquirement
  1185 | D:3      | Acquired a +6 double sword of freezing
  1282 | D:4      | Reached XP level 7. HP: 47/59 MP: 8/8
  1394 | D:4      | Reached skill level 5 in Long Blades
  1526 | D:5      | Entered Level 5 of the Dungeon
  1552 | D:4      | Reached skill level 6 in Long Blades
  1670 | D:5      | Reached XP level 8. HP: 66/66 MP: 9/9
  1715 | D:5      | Noticed Prince Ribbit
  1744 | D:5      | Found a shimmering blue altar of Sif Muna.
  1756 | D:5      | Found a hazy altar of Hepliaklqana.
  1865 | D:6      | Found a runed translucent door.
  1920 | D:5      | Found a white marble altar of Elyvilon.
  1954 | D:5      | Reached skill level 5 in Fighting
  1961 | D:5      | Reached skill level 7 in Long Blades
  2177 | D:5      | Gained mutation: You passively map the area around you.
                  | [Meteoran growth]
  2177 | D:5      | Reached XP level 9. HP: 74/74 MP: 10/10
  2517 | D:7      | Found a hide-covered altar of Uskayaw.
  2543 | D:7      | Reached skill level 5 in Armour
  2543 | D:7      | Reached skill level 5 in Dodging
  2596 | D:6      | Found a runed translucent door.
  2600 | D:6      | Noticed Notanamesir's ghost (novice HuNe)
  2612 | D:6      | Killed Notanamesir's ghost
  2613 | D:6      | Reached skill level 8 in Long Blades
  2755 | D:7      | Found a stormy altar of Qazlal.
  2829 | D:6      | Reached skill level 1 in Evocations
  2860 | D:7      | Reached XP level 10. HP: 84/84 MP: 11/11
  2963 | D:7      | Found a staircase to the Ecumenical Temple.
  2970 | Temple   | Entered the Ecumenical Temple
  2979 | Temple   | Became a worshipper of Warmaster Okawaru
  3061 | D:7      | Found a radiant altar of Vehumet.
  3092 | D:7      | Reached skill level 9 in Long Blades
  3098 | D:7      | Found Zuanicel's Distillery.
  3107 | D:7      | Bought a potion of flight for 39 gold pieces
  3120 | D:7      | Bought a potion of haste for 130 gold pieces
  3120 | D:7      | Bought 2 potions of curing for 78 gold pieces
  3120 | D:7      | Bought a potion of curing for 39 gold pieces
  3120 | D:7      | Bought a potion of might for 52 gold pieces
  3120 | D:7      | Bought a potion of degeneration for 13 gold pieces
  3272 | D:8      | Found a burning altar of Makhleb.
  3425 | D:8      | Reached * piety under Okawaru
  3498 | D:9      | Reached skill level 10 in Long Blades
  3544 | D:8      | Noticed Gastronok
  3562 | D:8      | Killed Gastronok
  3562 | D:8      | Reached ** piety under Okawaru
  3562 | D:8      | Reached *** piety under Okawaru
  3563 | D:8      | Reached XP level 11. HP: 62/94 MP: 11/13
  3624 | D:8      | Identified the +7 dagger "Qestruf" {spect, Drain +Blink
                  | rCorr}
  3673 | D:8      | Noticed Erica
  3678 | D:8      | Killed Erica
  3687 | D:7      | Found an opulent altar of Gozag.
  3800 | D:8      | Found a staircase to the Lair.
  3860 | D:10     | Entered Level 10 of the Dungeon
  4356 | D:11     | Noticed Maurice
  4366 | D:11     | Killed Maurice
  4455 | D:10     | Reached **** piety under Okawaru
  4456 | D:10     | Reached skill level 5 in Evocations
  4539 | D:10     | Found a staircase to the Orcish Mines.
  4539 | D:10     | Noticed an orc sorcerer
  4555 | D:10     | Reached skill level 5 in Throwing
  4566 | D:10     | Killed an orc sorcerer
  4724 | Orc:1    | Entered Level 1 of the Orcish Mines
  4728 | Orc:1    | Reached skill level 11 in Long Blades
  4728 | Orc:1    | Noticed an orc warlord
  4730 | Orc:1    | Noticed an orc sorcerer
  4732 | Orc:1    | Noticed a cyclops
  4755 | D:10     | Reached skill level 5 in Invocations
  4849 | D:10     | Killed an orc sorcerer
  4850 | D:10     | Reached XP level 12. HP: 73/104 MP: 10/16
  4967 | Orc:1    | Killed an orc warlord
  5043 | Orc:1    | Found Mineh's Jewellery Emporium.
  5078 | Orc:2    | Entered Level 2 of the Orcish Mines
  5122 | Orc:1    | Found a burning altar of Makhleb.
  5241 | Orc:2    | Received a gift from Okawaru
  5253 | Orc:2    | Noticed an orc high priest
  5258 | Orc:2    | HP: 4/106 [orc warrior/+0 flail (11)]
  5338 | Orc:1    | Killed an orc high priest
  5413 | Orc:2    | Killed from afar by an orc priest

Illustrated notes

Levels and vault maps discovered:
D:1:      saegor_arrival_fortress, layout_basic, minmay_pentomino_x2
D:2:      layout_basic, minmay_splitting_lines
D:3:      layout_basic, gup_sewer_entry_bubbles,
          hellmonk_ecumenical_altar_arch_garden
D:4:      layout_cave_pools
D:5:      layout_basic, mainiacjoe_overflow_paths, elyvilon_altar_1,
          nicolae_overflow_hidden_temple, uniq_prince_ribbit1
D:6:      layout_rooms, ebering_ghost_sewer_f, dk_noncrumbling_2
D:7:      layout_basic, vehumet_crystals, nicolae_uskayaw_dance_hall,
          amcnicky_altar_gilded, nicolae_qazlal_scattered_showers,
          minmay_temple_entry_enclosed_plants, serial_shops, shop
D:8:      nicolae_hitomezashi [nicolae_hito_row, nicolae_hito_row,
          nicolae_hito_row, nicolae_hito_row, nicolae_hito_row,
          nicolae_hito_row, nicolae_hito_row, nicolae_hito_row,
          nicolae_hito_row, nicolae_hito_row, nicolae_hito_row,
          nicolae_hito_row, nicolae_hito_row, nicolae_hito_row,
          nicolae_hito_row, nicolae_hito_row, nicolae_hito_row,
          nicolae_hito_row], layout_loops_corners, lightli_temple_of_fire,
          kennysheep_crisscross, uniq_gastronok, uniq_erica
D:9:      layout_loops_ring
D:10:     layout_irregular_city, zombieorc2_lemuel, minmay_misc_feat_tiny
D:11:     layout_small_grid, uniq_maurice
Temple:   eino_narrow_crystal_temple
Orc:1:    layout_caves, serial_shops, shop, basic_altar
Orc:2:    st_orc_mages, layout_caves

Skill      XL: |  1  2  3  4  5  6  7  8  9 10 11 12 |
---------------+-------------------------------------+-----
Dodging        | 1 2 3 4 5 8 9 |  9.2
Long Blades    | 3 4 6 7 8 10 11 | 11.8
Throwing       | 1 2 3 4 5 6 |  6.0
Armour         | 4 5 6 7 |  7.5
Stealth        | 1 2 3 4 |  4.0
Shields        | 4 |  4.0
Fighting       | 4 5 6 8 9 |  9.9
Evocations     | 1 4 5 6 |  6.0
Invocations    | 2 5 6 |  6.8

Action                     |  1- 3 |  4- 6 |  7- 9 | 10-12 || total
---------------------------+-------+-------+-------+-------++-------
  Melee: Long sword        |    52 |       |       |       ||    52
         Falchion          |    18 |   130 |    55 |       ||   203
         Double sword      |       |       |   133 |   425 ||   558
  Throw: Stone             |     1 |       |       |       ||     1
         Dart              |       |       |     1 |     2 ||     3
         Boomerang         |       |       |     1 |       ||     1
 Invoke: Heroism           |       |       |       |     4 ||     4
         Finesse           |       |       |       |     3 ||     3
    Use: Scroll            |     1 |     8 |    10 |     7 ||    26
         Potion            |     1 |       |       |     3 ||     4
 Armour: Scale mail        |    44 |    75 |    63 |       ||   182
         Chain mail        |       |       |    62 |   241 ||   303
  Dodge: Dodged            |    22 |    53 |    95 |   219 ||   389
  Block: Buckler           |    20 |    36 |    51 |   161 ||   268

Table legend: (Time is in decaauts)
 A = Elapsed time spent in this place.
 B = Non-inter-level travel time spent in this place.
 C = Inter-level travel time spent in this place.
 D = Time resting spent in this place.
 E = Time spent auto-exploring this place.
 F = Levels seen in this place.
 G = Mean time per level.
                   A        B        C        D        E       F      G
               +--------+--------+--------+--------+--------+-----+--------+
         Total |   5518 |   4841 |    677 |     37 |      0 |  15 |  367.9 |
       Dungeon |   4868 |   4226 |    642 |     35 |      0 |  11 |  442.5 |
        Temple |     17 |      9 |      8 |      0 |      0 |   1 |   17.0 |
  Orcish Mines |    457 |    430 |     27 |      0 |      0 |   2 |  228.5 |
         Sewer |    175 |    175 |      0 |      2 |      0 |   1 |  175.0 |
               +--------+--------+--------+--------+--------+-----+--------+

Top non-repeatable levels by time:
     D:5: 837 daAuts
     D:3: 737 daAuts
    D:10: 582 daAuts
     D:8: 564 daAuts
     D:9: 493 daAuts
     D:4: 439 daAuts
     D:7: 370 daAuts
     D:6: 367 daAuts
   Orc:1: 265 daAuts
     D:2: 193 daAuts
   Orc:2: 191 daAuts
     D:1: 184 daAuts
   Sewer: 175 daAuts
    D:11: 98 daAuts
  Temple: 17 daAuts
